 Dungeon Crawl Stone Soup version 0.24.0-125-gc4c63601f3 (webtiles) character file.

Game seed: 7343878512020202247, levelgen mode: deterministic

88 Peloso the Shield-Bearer (level 4, 0/41 HPs)
             Began as a Minotaur Fighter on Mar 14, 2020.
             Succumbed to an orc wizard's poison
             ... on level 2 of the Dungeon.
             The game lasted 00:05:05 (1445 turns).

Peloso the Shield-Bearer (Minotaur Fighter)         Turns: 1445, Time: 00:05:06

Health: 0/41       AC:  8    Str: 21    XL:     4   Next: 29%
Magic:  3/3        EV:  7    Int:  5    God:
Gold:   67         SH:  9    Dex: 10    Spells: 3/3 levels left

rFire    . . .     SeeInvis .   a - +0 long sword
rCold    . . .     Gourm    .   c - +0 shield
rNeg     . . .     Faith    .   k - +0 scale mail
rPois    .         Spirit   .   (helmet restricted)
rElec    .         Reflect  .   e - +0 cloak
rCorr    .         Harm     .   (no gloves)
MR       .....                  (no boots)
Stlth    ..........             (no amulet)
HPRegen  0.13/turn              (no ring)
MPRegen  0.08/turn              (no ring)

@: lethally poisoned (0 -> -1)
A: retaliatory headbutt, horns 2
a: no special abilities


You were on level 2 of the Dungeon.
You were not hungry.

You visited 1 branch of the dungeon, and saw 3 of its levels.

You collected 67 gold pieces.

Inventory:

Hand Weapons
 a - a +0 long sword (weapon)
Armour
 c - a +0 shield (worn)
 e - a +0 cloak (worn)
 k - a +0 scale mail (worn)
Potions
 d - 2 potions of might
Comestibles
 b - a chunk of flesh
 f - a ration


   Skills:
 + Level 4.4 Fighting
 + Level 3.3 Long Blades
 + Level 4.4 Armour
 + Level 0.2 Dodging
 + Level 4.4 Shields


You had 3 spell levels left.
You didn't know any spells.
Your spell library was empty.

Dungeon Overview and Level Annotations

Branches:
Dungeon (3/15)

Altars:
Vehumet


Innate Abilities, Weirdness & Mutations

You reflexively headbutt those who attack you in melee.
You have a pair of horns on your head.


Message History

You feel sick.
* * * LOW HITPOINT WARNING * * *
You feel sick.
* * * LOW HITPOINT WARNING * * *
You feel sick.
As you read the scroll labeled PESHRE LAPH, it crumbles to dust.
You feel blessed for a moment.
It was a scroll of remove curse.
As you read the scroll labeled SISYS MAQEAQ, it crumbles to dust.
You hear a loud clanging noise!
It was a scroll of noise.
* * * LOW HITPOINT WARNING * * *
You feel sick.
As you read the scroll labeled DUCEMA ZEXYDAE, it crumbles to dust.
You assume a fearsome visage.
Nothing appears to happen.
It was a scroll of fear.
* * * LOW HITPOINT WARNING * * *
You feel sick.
* * * LOW HITPOINT WARNING * * *
You feel sick.
You die...

#..#......#..#...#.#.##
###########..#.#....##.#.......#
..........#.......#.##.........##
..........##.###..#.##.#.#.......
..........'.........##.#.#......#
..........##......#.##.#.#...#..#
..........##........#..#.#...#..#
..........##......#.#..#.#...#.)#
................@..............>#
....................#..#.#.......
............####.#..#..#.#.#.####
............####.#..#..#.....#
............##.#.#..#....#.######
#'####'##...#....#..#.##.#......#
#.# #.##...##.###.......#..###.#
#.# #.##...##.# #..#.......# #.#
#.# #.........# #.######...###.#


There were no monsters in sight!

Vanquished Creatures
  An orc wizard (D:3)
  2 gnolls (D:1)
  A dart slug (D:1)
  A leopard gecko (D:3)
  2 orcs (D:2)
  2 giant cockroaches
  3 goblins
  6 hobgoblins
  5 jackals (D:1)
  2 ball pythons
  2 bats (D:1)
  5 frilled lizards
  2 kobolds
  6 rats
40 creatures vanquished.

Notes
Turn   | Place    | Note
-------+----------+-------------------------------------------
     0 | D:1      | Peloso the Minotaur Fighter began the quest for the Orb.
     0 | D:1      | Reached XP level 1. HP: 19/19 MP: 0/0
    57 | D:1      | Reached XP level 2. HP: 22/27 MP: 1/1
   158 | D:1      | HP: 1/27 [gnoll/+0 flail (7)]
   159 | D:1      | Reached XP level 3. HP: 1/33 MP: 2/2
  1353 | D:3      | Found a radiant altar of Vehumet.
  1416 | D:3      | Reached XP level 4. HP: 20/41 MP: 3/3
  1432 | D:2      | HP: 2/41 [poisoned by an orc wizard]
  1437 | D:2      | HP: 1/41 [poisoned by an orc wizard]
  1445 | D:2      | Succumbed to an orc wizard's poison

Levels and vault maps discovered:
D:1:      psy_arrival_whirlpool, layout_rooms
D:2:      layout_basic, chequers_serial_rivers_micro_b
D:3:      layout_loops_cross, nicolae_overflow_crystal_walls,
          minmay_shallow_snake_nest

Skill      XL: |  1  2  3 |
---------------+----------+-----
Shields        | 4 |  4.4
Fighting       | 4 |  4.4
Armour         | 4 |  4.4
Long Blades    | 3 |  3.3
Dodging        | |  0.2

Action                   |  1- 3 |  4- 6 || total
-------------------------+-------+-------++-------
Melee: Long sword        |    80 |     3 ||    83
       Headbutt          |    12 |       ||    12
  Use: Potion            |     4 |       ||     4
       Scroll            |       |     3 ||     3
  Eat: Chunk             |     2 |       ||     2
Armor: Scale mail        |    29 |     3 ||    32
Dodge: Dodged            |    19 |     1 ||    20
Block: Shield            |    40 |     3 ||    43
       Rpst.: Long sword |     3 |       ||     3
